 Dungeon Crawl Stone Soup version 0.18-a0-721-g8fc53f4 (webtiles) character file.

425 Ijustatesigmund the Chopper (level 6, -5/79 HPs)
             Began as a Hill Orc Gladiator on Nov 6, 2015.
             Killed by nerve-wracking pain
             ... invoked by Grinder
              (13 damage)
             ... on level 4 of the Dungeon on Dec 8, 2015.
             The game lasted 00:13:23 (3936 turns).

Ijustatesigmund the Chopper (Hill Orc Gladiator)    Turns: 3936, Time: 00:13:23

Health: -5/79      AC:  5    Str: 23    XL:     6   Next: 96%
Magic:  6/6        EV: 12    Int:  8    God:
Gold:   169        SH:  0    Dex: 13    Spells: 1 memorised, 3 levels left

rFire  . . .     SeeInvis .     a - +0 war axe
rCold  . . .     Clarity  .     b - +0 leather armour
rNeg   . . .     SustAt   .     (no shield)
rPois  .         Gourm    .     c - +1 helmet
rElec  .         Spirit   .     (no cloak)
rCorr  .         Dismiss  .     (no gloves)
rMut   .         Stasis   .     (no boots)
MR     .....                    (no amulet)
Stlth  ..........               (no ring)
                                (no ring)

@: berserking, very quick, not resistant to hostile enchantments, extremely
unstealthy
A: no striking features
a: no special abilities


You were on level 4 of the Dungeon.
You were not hungry.

You visited 1 branch of the dungeon, and saw 5 of its levels.

You collected 169 gold pieces.

Inventory:

Hand Weapons
 a - a +0 war axe (weapon)
 o - a +1 hand axe of flaming
Missiles
 d - 2 throwing nets (quivered)
Armour
 b - a +0 leather armour (worn)
 c - a +1 helmet (worn)
Wands
 g - a wand of teleportation (3)
 q - a wand of slowing (18)
Scrolls
 n - a scroll of amnesia
Potions
 f - a potion of degeneration {unknown}
 h - a potion of berserk rage
 j - a potion of might {unknown}
 l - a potion of mutation {unknown}
 m - a potion of curing {unknown}
 p - a potion of poison {unknown}
Books
 k - a book of Dreams

   Spells                             Type                      Level
   a - Ensorcelled Hibernation        Hexes/Ice                    2
   b - Phase Shift                    Translocation                5
   c - Shadow Creatures               Summoning                    5
   d - Silence                        Hexes/Air                    5
   e - Darkness                       Hexes                        6
   f - Mass Confusion                 Hexes                        6
Comestibles
 e - 3 bread rations
 i - a meat ration


   Skills:
 - Level 4.7 Fighting
 - Level 6.1 Axes
 - Level 2.0 Throwing
 + Level 5.0 Armour
 - Level 2.4 Dodging


You had 3 spell levels left.
You knew the following spells:

 Your Spells              Type           Power        Failure   Level  Hunger
a - Ensorcelled Hibernat  Hex/Ice        #.....       75%         2    ###....


Dungeon Overview and Level Annotations

Branches:
Dungeon (5/15)
 Temple: D:4-7

Altars:
Kikubaaqudgha
Vehumet
Xom
Zin

Annotations:
D:4 Grinder


Message History

You barely miss Grinder. Grinder hits you!
You writhe in agony.
You barely miss Grinder. Grinder hits you.
* * * LOW HITPOINT WARNING * * *
You writhe in agony.
* * * LOW HITPOINT WARNING * * *
You miss Grinder. Grinder barely misses you. Grinder barely misses you.
Drink which item? (? for menu, Esc to quit)
A red film seems to cover your vision as you go berserk!
You feel yourself moving faster!
You feel mighty! Grinder hits you.
* * * LOW HITPOINT WARNING * * *
You writhe in agony.
* * * LOW HITPOINT WARNING * * *
You closely miss Grinder. You miss Grinder. Grinder barely misses you.
You miss Grinder. Grinder closely misses you.
You slash Grinder!
Grinder is moderately wounded.
Grinder gestures at you. Pain shoots through your body!
You die...

##.......##
#.........#
+.........+
#.........#
#.......#
#.....# #.5.#
#@# #.# #.#
#######.##
.........##
#####.....#
#....########
#.#..........
#.#..########


You could see Grinder.

Vanquished Creatures
  An ogre (D:4)
  A scorpion (D:4)
  A worker ant (D:4)
  Jessica (D:3)
  2 orc wizards (D:3)
  2 gnolls (D:4)
  5 adders
  3 oozes
  2 worms (D:3)
  4 giant geckos
  7 orcs (D:3)
  A ball python (D:1)
  8 bats
  4 giant cockroaches
  13 goblins
  5 hobgoblins
  11 jackals
  A giant gecko skeleton (D:4)
  6 giant newts
  8 kobolds
  16 rats
102 creatures vanquished.

Notes
Turn   | Place    | Note
--------------------------------------------------------------
     0 | D:1      | Ijustatesigmund the Hill Orc Gladiator began the quest for the Orb.
     0 | D:1      | Reached XP level 1. HP: 18/18 MP: 1/1
   199 | D:1      | Reached XP level 2. HP: 23/25 MP: 2/2
   422 | D:1      | Reached XP level 3. HP: 22/31 MP: 3/3
   621 | D:1      | Reached skill level 5 in Axes
  1129 | D:2      | You fall through a shaft!
  1198 | D:3      | Reached XP level 4. HP: 32/40 MP: 4/4
  1299 | D:3      | Reached XP level 5. HP: 33/47 MP: 5/5
  1382 | D:2      | Reached skill level 6 in Axes
  1522 | D:2      | Found a radiant altar of Vehumet.
  1728 | D:2      | Found a faded altar to an unknown god.
  1735 | D:2      | Reached skill level 1 in Armour
  2177 | D:3      | Found a shimmering altar of Xom.
  2540 | D:3      | Noticed Jessica
  2551 | D:3      | Killed Jessica
  2647 | D:3      | Reached XP level 6. HP: 53/53 MP: 6/6
  2691 | D:3      | Found a glowing silver altar of Zin.
  2721 | D:3      | Upgraded the game from 0.18-a0-46-g45ca8e4 to 0.18-a0-721-g8fc53f4
  3012 | D:3      | Learned a level 2 spell: Ensorcelled Hibernation
  3130 | D:3      | You fall through a shaft for 2 floors!
  3130 | D:5      | Entered Level 5 of the Dungeon
  3785 | D:4      | Found an ancient bone altar of Kikubaaqudgha.
  3910 | D:4      | Reached skill level 5 in Armour
  3921 | D:4      | Noticed Grinder
  3936 | D:4      | Killed from afar by Grinder

Vault maps used:
D:1:      erik_arrival_gehennom
D:2:      lemuel_doored_altar, ecumenical_altar_2
D:3:      nicolae_overflow_hidden_temple, zin_academy, first_bread, uniq_jessica
D:4:      kiku_gazebo_pond_becter, uniq_menkaure, uniq_grinder

Action                   |  1- 3 |  4- 6 || total
-------------------------+-------+-------++-------
Melee: War axe           |   112 |   189 ||   301
       Hand axe          |       |    33 ||    33
Throw: Throwing net      |       |     2 ||     2
Evoke: Wand              |       |     2 ||     2
  Use: Scroll            |       |     6 ||     6
       Potion            |       |     2 ||     2
 Stab: Sleeping          |     1 |     2 ||     3
  Eat: Chunk             |     1 |     5 ||     6
       Fruit             |       |     1 ||     1
       Bread ration      |       |     1 ||     1
